 Dungeon Crawl Stone Soup version 0.29.1-15-g9cfb28693d (webtiles) character file.

Game seed: 10150667509728143535

205 sizableburger the Trooper (level 5, -3/47 HPs)
             Began as a Minotaur Abyssal Knight on Apr 28, 2023.
             Was a Priest of Lugonu.
             Killed by divine providence
             ... invoked by an orc priest
              (15 damage)
             ... on level 3 of the Dungeon.
             The game lasted 00:03:10 (2823 turns).

sizableburger the Trooper (Minotaur Abyssal Knight) Turns: 2823, Time: 00:03:11

Health: -3/47      AC:  3    Str: 19    XL:     5   Next: 53%
Magic:  2/6        EV: 11    Int: 13    God:    Lugonu [***...]
Gold:   163        SH:  0    Dex: 11    Spells: 4/4 levels left

rFire   . . .      SeeInvis .   a - +1 spear
rCold   . . .      Faith    .   (no shield)
rNeg    . . .      Spirit   .   b - +0 leather armour
rPois   .          Reflect  .   (helmet restricted)
rElec   .          Harm     .   (no cloak)
rCorr   .          Rampage  .   (no gloves)
Will    .....                   (no boots)
Stlth   +.........              (no amulet)
HPRegen 0.15/turn               f - +6 ring of intelligence
MPRegen 0.10/turn               (no ring)

@: no status effects
A: horns 2, retaliatory headbutt
a: Renounce Religion, Depart the Abyss, Bend Space, Banish


You were on level 3 of the Dungeon.
You worshipped Lugonu.
Lugonu was most pleased with you.
You visited 1 branch of the dungeon, and saw 3 of its levels.
You visited the Abyss 1 time.

You collected 163 gold pieces.

Inventory:

Hand Weapons
 a - a +1 spear (weapon)
 n - a +0 shortbow of flaming
Armour
 b - a +0 leather armour (worn)
Jewellery
 f - a +6 ring of intelligence (left hand)
Wands
 h - a wand of flame (10)
Scrolls
 c - a scroll of noise {unknown}
 e - a scroll of immolation {unknown}
 i - a scroll of silence {unknown}
 j - a scroll of teleportation {unknown}
 m - a scroll of amnesia {unknown}
 p - a scroll of identify {unknown}
Potions
 d - a potion of attraction {unknown}
 g - 3 potions of heal wounds {unknown}
 k - a potion of degeneration {unknown}
 l - 2 potions of brilliance {unknown}
 o - a potion of experience {unknown}


   Skills:
 + Level 4.9 Fighting
 + Level 4.0 Polearms
 + Level 4.0 Armour
 - Level 1.2 Dodging
 + Level 3.2 Invocations


You had 4 spell levels left.
You didn't know any spells.
Your spell library contained the following spells:

 Spells                   Type           Power      Damage    Failure   Level
 Portal Projectile        Hex/Tloc       0%         N/A       71%         3
 Tukima's Dance           Hex            0%         N/A       71%         3
 Blade Hands              Tmut           0%         N/A       100%        5


Dungeon Overview and Level Annotations

Branches:
Dungeon (3/15)

Altars:


Innate Abilities, Weirdness & Mutations

You have a pair of horns on your head.
You reflexively headbutt those who attack you in melee.


Message History

You are too injured to fight recklessly!
You are too injured to fight recklessly!
You are too injured to fight recklessly!
You are too injured to fight recklessly!
You are too injured to fight recklessly!
You are too injured to fight recklessly!
You are too injured to fight recklessly!
You are too injured to fight recklessly!
You are too injured to fight recklessly!
You are too injured to fight recklessly!
You are too injured to fight recklessly!
You are too injured to fight recklessly!
The orc priest hits you with a +0 short sword.
Things that are here:
a +0 trident; a +0 leather armour; an orc corpse
Okay, then.
You closely miss the orc priest.
The orc priest hits you with a +0 short sword.
Press: ? - help, Shift-Dir - straight line, f - orc priest
Aim: an orc priest, wielding a +0 short sword and wearing a +0 leather armour (chance to affect: 81%)
The orc priest barely resists.
The orc priest hits you with a +0 short sword.
* * * LOW HITPOINT WARNING * * *
You don't have enough magic at the moment.
Unknown command.
You hit the orc priest but do no damage.
Your headbutt misses the orc priest. You barely miss the orc priest.
You headbutt the orc priest, but do no damage.
The orc priest completely misses you.
You hit the orc priest.
The orc priest is lightly wounded.
The orc priest hits you with a +0 short sword.
* * * LOW HITPOINT WARNING * * *
You hit the orc priest but do no damage.
Your headbutt misses the orc priest.
The orc priest is lightly wounded.
The orc priest invokes the aid of Beogh against you.
Beogh smites you!
You die...

#.........# #.
#.........# #.
#.........# #.
#.........# #.
#........## #.
#........# ## #........#
#. .#####'######### #.
........)@o...... #.
.....######..#### #. ##
.... ## #. .# ... #. .#
.. #.. ## .# # . #.#
.########.. #.#
..#......#######.#######
..#......#..............


You could see an orc priest.

Vanquished Creatures
  A centaur (D:3)
  An iguana (D:3)
  4 adders
  A worm (D:2)
  A dart slug (D:1)
  2 orcs (D:3)
  8 bats
  3 endoplasms
  7 giant cockroaches
  3 hobgoblins
  5 kobolds
  4 quokkas
  6 ball pythons
  2 frilled lizards
  4 goblins (D:1)
  6 rats
58 creatures vanquished.

Notes
Turn   | Place    | Note
-------+----------+-------------------------------------------
     0 | Abyss:1  | sizableburger the Minotaur Abyssal Knight began the quest
                  | for the Orb.
     0 | Abyss:1  | Reached XP level 1. HP: 19/19 MP: 1/1
     1 | D:1      | Escaped the Abyss
   217 | D:1      | Reached XP level 2. HP: 27/27 MP: 2/2
   533 | D:1      | Reached *** piety under Lugonu
   939 | D:2      | Found a faded altar of an unknown god.
   947 | D:2      | Reached XP level 3. HP: 28/33 MP: 3/3
  1988 | D:3      | Reached XP level 4. HP: 41/41 MP: 4/4
  2532 | D:3      | Noticed a centaur
  2541 | D:3      | Killed a centaur
  2542 | D:3      | Reached XP level 5. HP: 24/47 MP: 6/6
  2823 | D:3      | Killed from afar by an orc priest

Illustrated notes

Levels and vault maps discovered:
D:1:      heliophobic_arrival_battle_scene, layout_basic
D:2:      layout_loops_corners, shapermc_ecumenical_altar_starsandcircs,
          st_stairs_14, kennysheep_cluttered_room, chequers_mini_garden,
          hangedman_abyss_or_decor_stabs, hex_tiny
D:3:      layout_basic

Skill      XL: |  1  2  3  4  5 |
---------------+----------------+-----
Invocations    | 2 3 |  3.2
Fighting       | 4 |  4.9
Polearms       | 3 4 |  4.0
Armour         | 3 4 |  4.0
Dodging        | |  1.2

Action                   |  1- 3 |  4- 6 || total
-------------------------+-------+-------++-------
Melee: Spear             |   106 |    51 ||   157
       Headbutt          |    12 |     6 ||    18
 Fire: Shortbow          |       |     2 ||     2
Invok: Banish            |       |     1 ||     1
Armor: Leather armour    |    17 |    11 ||    28
Dodge: Dodged            |    36 |    26 ||    62
